 Dungeon Crawl Stone Soup version 0.22-a0-142-g91cc6d7 (webtiles) character file.

66030 KristoblXynda the Carver (level 14, -5/121 HPs)
             Began as a Red Draconian Gladiator on Feb 5, 2018.
             Was the Champion of Okawaru.
             Slain by a salamander
             ... wielding a +3 great mace of flaming
              (24 damage)
             ... in a volcano.
             The game lasted 01:01:50 (24684 turns).

KristoblXynda the Carver (Red Draconian Gladiator) Turns: 24684, Time: 01:01:51

Health: -5/121     AC: 13    Str: 18    XL:     14   Next: 77%
Magic:  21/21      EV: 19    Int: 14    God:    Okawaru [******]
Gold:   939        SH:  7    Dex: 13    Spells: 6/13 levels left

rFire    + . .     SeeInvis +   p - +3 scimitar (flame)
rCold    . . .     Gourm    .   w - +1 buckler of Twilight {-Cast MR++ Int+2}
rNeg     . . .     Faith    .   (armour unavailable)
rPois    .         Spirit   .   f - +2 hat {SInv}
rElec    .         Reflect  .   E - scarf {cloud immunity}
rCorr    +         Harm     .   A - +1 pair of gloves
MR       +++..     NoCast   +   K - +0 pair of boots
Stlth    +++++.....             x - amulet of regeneration
HPRegen  0.70/turn              q - ring of resist corrosion
MPRegen  0.17/turn              D - ring of stealth

@: very slightly contaminated
A: breathe fire, unfitting armour, fire resistance 1, cold-blooded, AC +8
a: Breathe Fire, Heroism, Finesse, Renounce Religion


You were in a volcano.
You worshipped Okawaru.
Okawaru was exalted by your worship.
You were not hungry.

You visited 4 branches of the dungeon, and saw 23 of its levels.
You visited the Abyss 1 time.
You also visited: Volcano.

You collected 1264 gold pieces.
You spent 325 gold pieces at shops.

Inventory:

Hand Weapons
 p - a +3 scimitar of flaming (weapon)
Missiles
 c - a throwing net (quivered)
 C - 4 javelins of penetration
Armour
 f - a +2 hat of see invisible (worn)
 w - the +1 buckler of Twilight (worn) {-Cast MR++ Int+2}
   (Okawaru gifted it to you on level 10 of the Dungeon)

   It affects your intelligence (+2).
   It affects your resistance to hostile enchantments.
   It prevents spellcasting.
 A - a +1 pair of gloves (worn)
 E - a scarf of cloud immunity (worn)
 K - a +0 pair of boots (worn)
Jewellery
 a - an uncursed amulet of guardian spirit
 q - a ring of resist corrosion (left hand)
 x - an amulet of regeneration (around neck)
 D - a ring of stealth (right hand)
Wands
 H - a wand of paralysis (6)
Scrolls
 e - 9 scrolls of remove curse
 g - 4 scrolls of amnesia
 j - 3 scrolls of identify
 n - 4 scrolls of teleportation
 s - 2 scrolls of fog
 v - 3 scrolls of blinking
 L - 2 scrolls of magic mapping
Potions
 b - a potion of heal wounds
 h - 2 potions of brilliance
 k - a potion of mutation
 l - 4 potions of magic
 m - 2 potions of agility
 o - 8 potions of flight
 r - 2 potions of haste
 t - 3 potions of ambrosia
 u - a potion of might
 z - 3 potions of curing
 B - 3 potions of invisibility
 I - a potion of resistance
Miscellaneous
 N - a crystal ball of energy
Comestibles
 d - 24 rations


   Skills:
 - Level 10.0 Fighting
 - Level 14.0 Long Blades
 - Level 2.0 Throwing
 + Level 11.5 Dodging
 + Level 9.8 Stealth
 + Level 7.3 Shields
 - Level 10.0 Invocations
 + Level 7.7 Evocations


You had 6 spell levels left.
You knew the following spells:

 Your Spells              Type           Power        Failure   Level  Hunger
a - Ring of Flames        Chrm/Fire      #.........   100%        7    #######


Dungeon Overview and Level Annotations

Branches:
Dungeon (15/15)            Temple (1/1) D:5            Lair (6/6) D:10
 Shoals (0/4) Lair:3       Spider (1/4) Lair:2        Slime (0/5) Lair:5
    Orc (0/2) D:11         Vaults (0/5) D:14         Depths (0/5) D:15

Altars:
Ashenzari
Cheibriados
Dithmenos
Elyvilon
Fedhas
Gozag
Hepliaklqana
Kikubaaqudgha
Makhleb
Nemelex Xobeh
Okawaru
Qazlal
Ru
Sif Muna
Trog
Uskayaw
Vehumet
Wu Jian
Xom
Yredelemnul
Zin
The Shining One
Jiyva

Shops:
D:11 [   D:12 [   D:15 !

Portals:
Trove: D:10 (give 7 potions of haste)

Annotations:
Volcano exclusion: obsidian statue


Innate Abilities, Weirdness & Mutations

You can breathe blasts of fire.
Your fiery red scales are hard. (AC +8)
You cannot fit into any form of body armour.
Your flesh is heat resistant. (rF+)
You are cold-blooded and may be slowed by cold attacks.


Message History

You hit the salamander but do no damage.
You tail-slap the salamander, but do no damage.
The salamander is moderately wounded.
The salamander hits you with a great mace of flaming!
* * * LOW HITPOINT WARNING * * *
You are engulfed in flames!
You resist.
* * * LOW HITPOINT WARNING * * *
The salamander burns you.
* * * LOW HITPOINT WARNING * * *
Blink to where?
Press: ? - help, Dir - move target cursor You are very lightly contaminated with residual magic.
As you read the scroll of blinking, it crumbles to dust.
Throwing (i - inventory. (/) - cycle)
c - 2 throwing nets (quivered)
Press: ? - help, Shift-Dir - straight line, f - salamander
Aim: a salamander, wielding a great mace of flaming and wearing a scale mail of fire resistance (moderately wounded, berserk, fast, unusually strong)
You throw a throwing net.
The throwing net barely misses the salamander.
The salamander hits you with a great mace of flaming!!
You die...

##.....≈§≈§§≈.§.
#.....§§§≈≈≈...
##.....§§§≈....
#...##§..≈...#
#8.8###.....##
##.## #....## #.#
#...## ########'#
##### ##.N@.....#
####
#(.##########835##
#.##§#§#§#≈#45N55#
#.##§#§#§#≈#5#.55#
#..#§#§#§#§#.# ..#
#8#).N§§§§§5## [#
###≈#≈#§#§#§# #
#§#§#§#≈#≈#
#§#§#§#≈#≈#


You could see a salamander (berserk).

Vanquished Creatures
  Rupert (Lair:5)
  Kirke (D:13)
  Azrael (D:15)
  Snorg (D:10)
  Josephine (D:13)
  5 hydras
  4 vault guards (D:14)
  6 two-headed ogres
  4 death yaks (Lair:5)
  Urug (D:13)
  Sonja (Lair:3)
  2 skeletal warriors (D:15)
  A salamander mystic (Volcano)
  2 unseen horrors
  A flayed ghost (D:15)
  A lindwurm (Lair:4)
  A tengu zombie (D:15)
  A necromancer (D:15)
  A shadow dragon zombie (D:15)
  An ugly thing (D:11)
  3 manticores
  4 deep elf magi
  4 cyclopes
  A salamander (Volcano)
  4 black mambas
  A merfolk siren (Lair:3)
  4 centaur zombies
  6 centaur skeletons
  2 gargoyles
  A freezing wraith (D:14)
  A rime drake (Lair:4)
  9 spiny frogs
  2 kobold demonologists
  5 komodo dragons
  A spriggan skeleton (D:15)
  A tengu conjurer (D:15)
  4 trolls
  The ghost of KristoblXynda the Slasher, an amateur DrMo (D:4)
  A wind drake (shapeshifter) (D:14)
  5 polar bears
  12 hippogriffs
  2 slime creatures (D:14)
  Prince Ribbit (D:6)
  7 blink frogs
  An ice dragon zombie (D:15)
  A redback (Lair:2)
  5 wraiths
  3 wyverns
  2 shadows (D:14)
  4 hogs (D:13)
  5 fire bats (Volcano)
  27 yaks
  The ghost of varam the Chopper, an amateur HOFi (D:3)
  A steam dragon (D:8)
  2 basilisks
  5 fire elementals (D:15)
  3 hungry ghosts
  A warg (D:11)
  12 water moccasins
  A soldier ant (D:13)
  4 porcupines
  4 hell hounds
  An orc warrior (D:8)
  6 sky beasts
  2 ogres
  4 black bears
  4 ice beasts
  3 eyes of draining
  3 phantoms
  9 wolves (Lair:3)
  2 necrophages
  2 centaurs
  10 crocodiles
  4 big kobolds
  17 bullfrogs
  A gnoll sergeant (D:11)
  A wyvern zombie (D:11)
  8 scorpions
  20 killer bees
  5 howler monkeys
  2 electric eels
  5 crimson imps
  6 lava snakes (Volcano)
  9 orc priests
  3 jellies
  9 hounds
  17 orc wizards
  4 bullfrog skeletons
  Jessica (D:2)
  Terence (D:2)
  5 iguanas
  Natasha (thrice) (D:2)
  9 worker ants
  2 killer bee zombies
  2 hound zombies
  2 hound skeletons
  A howler monkey zombie (D:11)
  3 gnolls (D:11)
  13 adders
  6 shadow imps
  3 oozes
  An adder zombie (D:8)
  A worm (D:4)
  11 dart slugs
  4 leopard geckos
  42 orcs
  8 bats
  2 giant cockroaches
  7 goblins
  9 hobgoblins
  4 jackals
  3 quokkas
  A ball python (D:3)
  5 frilled lizards
  A jackal skeleton (D:6)
  27 kobolds
  2 leopard gecko skeletons
  A leopard gecko zombie (D:8)
  A quokka zombie (D:6)
  10 rats
549 creatures vanquished.

Vanquished Creatures (others)
  3 plants (Lair:6)
  4 withered plants (D:15)
7 creatures vanquished.

Grand Total: 556 creatures vanquished

Notes
Turn   | Place    | Note
-------+----------+-------------------------------------------
     0 | D:1      | KristoblXynda the Draconian Gladiator began the quest for the Orb.
     0 | D:1      | Reached XP level 1. HP: 17/17 MP: 1/1
   147 | D:1      | Reached XP level 2. HP: 24/24 MP: 2/2
   322 | D:1      | Reached XP level 3. HP: 26/29 MP: 3/3
   597 | D:2      | Noticed Natasha
   603 | D:2      | Killed Natasha
   603 | D:2      | Reached skill level 4 in Long Blades
   758 | D:2      | Reached XP level 4. HP: 24/36 MP: 4/4
   789 | D:2      | Noticed Natasha
   806 | D:2      | Killed Natasha
   969 | D:2      | Noticed Natasha
   974 | D:2      | Killed Natasha
  1005 | D:2      | Noticed Jessica
  1008 | D:2      | Killed Jessica
  1008 | D:2      | Reached skill level 5 in Long Blades
  1008 | D:2      | Reached XP level 5. HP: 31/41 MP: 5/5
  1444 | D:2      | Noticed Terence
  1459 | D:2      | Killed Terence
  2072 | D:3      | Found a sacrificial altar of Ru.
  2211 | D:3      | Noticed varam's ghost (amateur HOFi)
  2321 | D:3      | Killed varam's ghost
  2321 | D:3      | Reached skill level 6 in Long Blades
  2321 | D:3      | Reached XP level 6. HP: 41/48 MP: 6/6
  3132 | D:4      | Found a stormy altar of Qazlal.
  3546 | D:4      | Noticed KristoblXynda's ghost (amateur DrMo)
  3569 | D:4      | Killed KristoblXynda's ghost
  3569 | D:4      | Reached skill level 7 in Long Blades
  3569 | D:4      | Reached skill level 5 in Dodging
  3569 | D:4      | Your scales start taking on a fiery red colour.
  3569 | D:4      | Reached XP level 7. HP: 55/55 MP: 7/7
  3569 | D:4      | Gained mutation: Your flesh is heat resistant. (rF+) [Red Draconian growth]
  4300 | D:5      | Entered Level 5 of the Dungeon
  4430 | D:5      | Reached skill level 8 in Long Blades
  4459 | D:5      | Reached XP level 8. HP: 47/61 MP: 8/8
  5146 | D:5      | Reached skill level 9 in Long Blades
  5736 | D:5      | Found a staircase to the Ecumenical Temple.
  5906 | Temple   | Entered the Ecumenical Temple
  6380 | D:6      | Found an ornate altar of the Wu Jian Council.
  6632 | Temple   | Became a worshipper of Warmaster Okawaru
  6817 | D:6      | Noticed a two-headed ogre
  6836 | D:6      | Killed a two-headed ogre
  6836 | D:6      | Reached * piety under Okawaru
  6836 | D:6      | Reached skill level 10 in Long Blades
  6836 | D:6      | Reached XP level 9. HP: 58/67 MP: 9/9
  7031 | D:6      | Noticed Prince Ribbit
  7040 | D:6      | Killed Prince Ribbit
  7442 | D:7      | Reached skill level 11 in Long Blades
  7682 | D:7      | Found a blossoming altar of Fedhas.
  7701 | D:7      | Found a burning altar of Makhleb.
  7726 | D:7      | Found an ancient bone altar of Kikubaaqudgha.
  8078 | D:7      | Reached ** piety under Okawaru
  8078 | D:7      | Reached skill level 1 in Invocations
  8078 | D:7      | HP: 3/67 [shadow imp/nerve-wracking pain (14)]
  8421 | D:7      | Found a hide-covered altar of Uskayaw.
  9077 | D:8      | Noticed a two-headed ogre
  9104 | D:8      | Killed a two-headed ogre
  9104 | D:8      | Reached *** piety under Okawaru
  9104 | D:8      | Reached XP level 10. HP: 26/73 MP: 10/12
  9607 | D:8      | Reached skill level 12 in Long Blades
  9790 | D:8      | Found a basalt altar of Yredelemnul.
  9799 | D:8      | Found a deep blue altar of Sif Muna.
 10149 | D:8      | Found an opulent altar of Gozag.
 10300 | D:8      | Reached **** piety under Okawaru
 10498 | D:8      | Found a white marble altar of Elyvilon.
 10591 | D:8      | Found a basalt altar of Yredelemnul.
 11114 | D:9      | Received a gift from Okawaru
 11434 | D:9      | Reached skill level 5 in Invocations
 11639 | D:9      | You fall through a shaft for 2 floors!
 11789 | D:11     | Cast into level 1 of the Abyss (gnoll sergeant)
 11792 | Abyss:1  | Found a corrupted altar of Lugonu.
 11807 | D:11     | Escaped the Abyss
 11969 | D:11     | Found Jazelao's Antique Armour Emporium.
 11976 | D:11     | Bought a pair of embroidered gloves for 240 gold pieces
 12088 | D:11     | Reached skill level 1 in Shields
 12150 | D:11     | Reached skill level 13 in Long Blades
 12166 | D:11     | Reached XP level 11. HP: 39/79 MP: 14/14
 12179 | D:11     | Reached ***** piety under Okawaru
 12315 | D:11     | Found a staircase to the Orcish Mines.
 12482 | D:11     | Noticed a cyan ugly thing
 12492 | D:11     | Killed a cyan ugly thing
 12707 | D:12     | Received a gift from Okawaru
 13458 | D:12     | Found Kaaletzo's Antique Armour Boutique.
 13573 | D:12     | Reached skill level 14 in Long Blades
 13837 | D:13     | Reached skill level 1 in Stealth
 13854 | D:13     | Noticed Josephine
 13863 | D:13     | Killed Josephine
 13955 | D:13     | Reached skill level 10 in Dodging
 13992 | D:13     | Noticed Urug
 14004 | D:13     | Noticed a deep elf mage
 14010 | D:13     | Killed Urug
 14029 | D:13     | Killed a deep elf mage
 14053 | D:13     | Received a gift from Okawaru
 14053 | D:13     | Reached XP level 12. HP: 48/91 MP: 16/16
 14458 | D:13     | Noticed a two-headed ogre
 14461 | D:13     | Killed a two-headed ogre
 14461 | D:13     | Reached ****** piety under Okawaru
 14565 | D:13     | Noticed Kirke
 14566 | D:13     | Noticed a sphinx
 14811 | D:13     | Noticed a two-headed ogre
 14821 | D:13     | Killed a two-headed ogre
 14821 | D:13     | Reached skill level 5 in Fighting
 14898 | D:13     | Killed Kirke
 15178 | D:14     | Got a crude falchion
 15279 | D:14     | Identified the +7 falchion "Olesitorph" {slice, +Inv} (You found it on level 14 of the Dungeon)
 15342 | D:14     | Reached skill level 5 in Stealth
 15492 | D:14     | Received a gift from Okawaru
 15550 | D:14     | Noticed a vault guard
 15582 | D:14     | Noticed a vault guard
 15632 | D:14     | Killed a vault guard
 15753 | D:14     | Killed a vault guard
 15888 | D:14     | Found a gate to the Vaults.
 16042 | D:14     | Reached skill level 1 in Evocations
 16058 | D:14     | Noticed a seven-headed hydra
 16066 | D:14     | Reached XP level 13. HP: 105/105 MP: 19/19
 16204 | D:14     | HP: 2/105 [seven-headed hydra (9)]
 16265 | D:14     | Received a gift from Okawaru
 16885 | D:15     | Entered Level 15 of the Dungeon
 16957 | D:15     | Noticed Azrael
 16989 | D:15     | Killed Azrael
 17478 | D:15     | Found a staircase to the Depths.
 17690 | D:15     | Reached skill level 10 in Invocations
 18038 | D:15     | Reached skill level 5 in Evocations
 18077 | D:15     | Found Loisi's Distillery.
 18083 | D:15     | Bought a potion of heal wounds for 85 gold pieces
 18357 | D:10     | Entered Level 10 of the Dungeon
 18431 | D:10     | Noticed Snorg
 18440 | D:10     | Killed Snorg
 18440 | D:10     | Received a gift from Okawaru
 18443 | D:10     | Got a spiked buckler {god gift}
 18479 | D:10     | Identified the +1 buckler of Twilight {-Cast MR++ Int+2} (Okawaru gifted it to you on level 10 of the Dungeon)
 18493 | D:10     | Found a staircase to the Lair.
 18878 | D:10     | Found a portal to a secret trove of treasure.
 19217 | Lair:1   | Entered Level 1 of the Lair of Beasts
 19253 | Lair:1   | Learned a level 7 spell: Ring of Flames
 19427 | Lair:1   | Reached skill level 5 in Shields
 19450 | Lair:1   | Reached XP level 14. HP: 101/118 MP: 21/21
 20472 | Lair:2   | Found a hole to the Spider Nest.
 20885 | Spider:1 | Entered Level 1 of the Spider Nest
 20885 | Spider:1 | Noticed an entropy weaver
 21136 | Lair:3   | Found a staircase to the Shoals.
 21206 | Lair:3   | Noticed Sonja
 21225 | Lair:3   | Killed Sonja
 22023 | Lair:4   | Reached skill level 10 in Fighting
 22446 | Lair:4   | Received a gift from Okawaru
 23032 | Lair:5   | Noticed Rupert
 23062 | Lair:5   | Received a gift from Okawaru
 23089 | Lair:5   | Received a gift from Okawaru
 23492 | Lair:5   | Found a staircase to the Slime Pits.
 23492 | Lair:5   | Found a viscous altar of Jiyva.
 23859 | Lair:5   | Killed Rupert
 24098 | Lair:6   | Entered Level 6 of the Lair of Beasts
 24143 | Lair:6   | Found a dark tunnel.
 24150 | Volcano  | Entered a volcano
 24684 | Volcano  | Slain by a salamander

Vault maps used:
D:1:      denvon_arrival_planthouse, minivault_27,
          minmay_misc_feat_secret_circle
D:2:      st_stairs_3, uniq_terence, uniq_natasha, uniq_jessica
D:3:      nicolae_ru_awakened_eye, first_ration
D:4:      grunt_qazlal_sundering
D:5:      lemuel_temple_firewalk_a
D:6:      kennysheep_slugbush, basic_altar, uniq_prince_ribbit1
D:7:      nicolae_overflow_quartered_altars
D:8:      kennysheep_ying_yang, overflow_temple_1_default,
          grunt_gozag_breadcrumbs, blue_anna_alchemist,
          yredelemnul_altar_generic
D:9:      uniq_erica
D:10:     minmay_lair_entry_lava, nicolae_trove_entry_crystal, uniq_snorg
D:11:     david_orc_3, serial_shops, shop
D:12:     serial_shops, shop, grunt_ministairs_14
D:13:     uniq_urug, uniq_kirke, uniq_josephine
D:14:     lightli_vaults_fourway_checkpoint, minmay_misc_feat_room
D:15:     gammafunk_depths_entry_grave, serial_shops, nicolae_shop_stone,
          minmay_fountain_box, dk_noncrumbling_4, uniq_azrael
Temple:   hc_temple_tempest_star
Lair:1:   cheibrodos_lair_lostbears, grunt_megastairs_4
Lair:2:   spider_nest_entry_webs
Lair:3:   minmay_shoals_entry_lonely_mermaid, serial_bayou_lagoon_b, uniq_sonja
Lair:4:   lemuel_fruit_fields
Lair:5:   slime_altar_1, serial_bayou_shore_b, uniq_rupert
Lair:6:   hangedman_lair_caniforms_friends, nicolae_volcano_entry_hallway,
          roderic_batcave, serial_bayou_shore_a, grunt_megastairs_3
Spider:1: hangedman_spider_tarantella_strand
Volcano:  volcano_grotto

Skill      XL: |  1  2  3  4  5  6  7  8  9 10 11 12 13 14 |
---------------+-------------------------------------------+-----
Throwing       | 2 |  2.0
Dodging        | 3 4 5 7 8 9 10 11 | 11.5
Long Blades    | 4 5 6 7 8 10 11 13 14 | 14.0
Invocations    | 3 5 6 8 10 | 10.0
Shields        | 1 4 5 7 |  7.3
Stealth        | 2 6 8 9 |  9.8
Fighting       | 4 7 9 10 | 10.0
Evocations     | 1 5 7 |  7.7

Action                   |  1- 3 |  4- 6 |  7- 9 | 10-12 | 13-15 || total
-------------------------+-------+-------+-------+-------+-------++-------
Melee: Long sword        |    70 |   154 |   295 |   856 |       ||  1375
       Tailslap          |     3 |    26 |    61 |   162 |   153 ||   405
       Falchion          |       |       |       |   130 |    90 ||   220
       Scimitar          |       |       |       |       |   786 ||   786
       War axe           |       |       |       |       |     3 ||     3
Throw: Javelin           |       |       |       |       |     4 ||     4
       Throwing net      |       |       |       |       |     2 ||     2
 Abil: Breathe Fire      |       |       |     9 |    39 |    16 ||    64
Evoke: Wand              |       |       |       |       |     1 ||     1
  Use: Potion            |       |     5 |     1 |     4 |     9 ||    19
       Scroll            |       |     7 |     8 |     6 |    14 ||    35
 Stab: Sleeping          |       |     1 |     2 |     4 |    26 ||    33
       Distracted        |       |       |       |     1 |     2 ||     3
       Paralysed         |       |       |       |       |     4 ||     4
       Held in net/web   |       |       |       |       |     1 ||     1
  Eat: Chunk             |       |     6 |    12 |    18 |    19 ||    55
       Ration            |       |     1 |     2 |     5 |     4 ||    12
Armor: Skin              |    28 |    38 |    80 |   207 |   153 ||   506
Dodge: Dodged            |    69 |   111 |   251 |   592 |   542 ||  1565
Block: Buckler           |       |       |       |    85 |   185 ||   270
       Rpst.: Long sword |    27 |    38 |    65 |   155 |       ||   285
       Falchion          |       |       |       |    25 |    11 ||    36
       Scimitar          |       |       |       |       |   118 ||   118

Table legend:
 A = Spawn XP
 B = Non-spawn XP
 C = Spawn XP percentage of total XP
 D = Spawn monster count
 E = Non-spawn monster count
 F = Spawn count percentage of total count
 G = Total turns spent on level
                    A         B        C        D         E        F      G
               +---------+---------+-------+---------+---------+-------+---------
         Total |       0 |   94329 |   0.0 |       0 |     549 |   0.0 | 24684
               +---------+---------+-------+---------+---------+-------+---------
           D:1 |       0 |      51 |   0.0 |       0 |      31 |   0.0 |   596
           D:2 |       0 |     282 |   0.0 |       0 |      19 |   0.0 |  1069
           D:3 |       0 |     259 |   0.0 |       0 |      27 |   0.0 |  1357
           D:4 |       0 |     671 |   0.0 |       0 |      14 |   0.0 |  1278
           D:5 |       0 |     909 |   0.0 |       0 |      20 |   0.0 |  1718
           D:6 |       0 |    1700 |   0.0 |       0 |      25 |   0.0 |   933
           D:7 |       0 |    1182 |   0.0 |       0 |      19 |   0.0 |  2074
           D:8 |       0 |    3352 |   0.0 |       0 |      36 |   0.0 |  1333
           D:9 |       0 |     848 |   0.0 |       0 |      15 |   0.0 |   863
          D:10 |       0 |    2747 |   0.0 |       0 |      22 |   0.0 |   860
          D:11 |       0 |    3556 |   0.0 |       0 |      42 |   0.0 |   988
          D:12 |       0 |    4579 |   0.0 |       0 |      41 |   0.0 |  1202
          D:13 |       0 |   11095 |   0.0 |       0 |      40 |   0.0 |  1276
          D:14 |       0 |   16227 |   0.0 |       0 |      43 |   0.0 |  1850
          D:15 |       0 |   12785 |   0.0 |       0 |      35 |   0.0 |  1384
        Lair:1 |       0 |    7142 |   0.0 |       0 |      27 |   0.0 |  1005
        Lair:2 |       0 |    2086 |   0.0 |       0 |       9 |   0.0 |   698
        Lair:3 |       0 |    4378 |   0.0 |       0 |      19 |   0.0 |   956
        Lair:4 |       0 |    5907 |   0.0 |       0 |      22 |   0.0 |  1028
        Lair:5 |       0 |   10782 |   0.0 |       0 |      26 |   0.0 |  1192
        Lair:6 |       0 |    1261 |   0.0 |       0 |       4 |   0.0 |    52
       Volcano |       0 |    2530 |   0.0 |       0 |      13 |   0.0 |   534
               +---------+---------+-------+---------+---------+-------+---------
